 Dungeon Crawl Stone Soup version 0.30-a0-857-gcaf70739d4 (webtiles) character file.

Game seed: 17960783433778514566

435 cforsyth the Magician (level 6, 0/32 HPs)
             Began as a Deep Elf Earth Elementalist on Mar 5, 2023.
             Slain by Prince Ribbit (16 damage)
             ... on level 5 of the Dungeon.
             The game lasted 00:06:00 (3480 turns).

cforsyth the Magician (Deep Elf Earth Elementalist) Turns: 3480, Time: 00:06:01

Health: 0/32       AC:  2    Str:  5    XL:     6   Next: 68%
Magic:  15/18      EV: 12    Int: 22    God:
Gold:   258        SH:  5    Dex: 15    Spells: 18/19 levels left

rFire   . . .      SeeInvis .    (no weapon)
rCold   . . .      Faith    .    (no shield)
rNeg    . . .      Spirit   .    a - +0 robe
rPois   .          Reflect  +    (no helmet)
rElec   .          Rampage  .    (no cloak)
rCorr   .                        (no gloves)
Will    .....                    (no boots)
Stlth   ++                       e - amulet of reflection
HPRegen 0.25/turn                (no ring)
MPRegen 0.16/turn                (no ring)

@: no status effects
A: no striking features
a: no special abilities


You were on level 5 of the Dungeon.
You visited 1 branch of the dungeon, and saw 5 of its levels.

You collected 258 gold pieces.

Inventory:

Armour
 a - a +0 robe (worn)
Jewellery
 e - an amulet of reflection (around neck)
Wands
 k - a wand of charming (9)
Scrolls
 c - a scroll of amnesia {unknown}
 d - a scroll of noise {unknown}
 f - 2 scrolls of poison {unknown}
 h - 4 scrolls of identify {unknown}
 i - 2 scrolls of enchant armour {unknown}
 j - 2 scrolls of immolation {unknown}
 l - 3 scrolls of magic mapping {unknown}
 n - a scroll of blinking {unknown}
 o - a scroll of fog {unknown}
 r - a scroll of summoning {unknown}
 s - 2 scrolls of vulnerability {unknown}
Potions
 b - a potion of magic
 g - 2 potions of mutation {unknown}
 m - 3 potions of curing {unknown}
 p - 3 potions of lignification {unknown}
 q - 2 potions of cancellation {unknown}
 t - a potion of attraction {unknown}


   Skills:
 - Level 2.4 Dodging
 - Level 2.4 Stealth
 + Level 7.1 Spellcasting
 - Level 1.1 Transmutations
 + Level 6.3 Earth Magic


You had 18 spell levels left.
You knew the following spells:

 Your Spells              Type           Power      Damage    Failure   Level
a - Sandblast             Erth           70%        2d15      1%          1

Your spell library contained the following spells:

 Spells                   Type           Power      Damage    Failure   Level
 Passwall                 Tmut/Erth      20%        N/A       2%          2
 Stone Arrow              Conj/Erth      42%        3d9       7%          3
 Petrify                  Tmut/Erth      24%        N/A       17%         4


Dungeon Overview and Level Annotations

Branches:
Dungeon (5/15)
 Temple: D:4-7

Altars:
Gozag
Kikubaaqudgha
Qazlal
Wu Jian
Xom

Annotations:
D:4 1 runed translucent door, Norrock's ghost, amateur KoHs
D:5 Prince Ribbit


Message History

Unknown command.
You see here a +0 dagger.
You see here a +0 dagger.
There is an open door here.
There is an open door here.
You open the door.
The blast of sand hits the jelly!
The jelly is almost dead.
The jelly hits you but does no damage. The jelly hits you.
You are splashed with acid!
The blast of sand hits the jelly!
You kill the jelly!
You can't see any susceptible monsters within range! (Use Z to cast anyway.) HP restored.
There is an open door here.
There is an open door here.
You see here a +0 dagger.
There is a stone staircase leading up here.
Found a pair of gloves.
Prince Ribbit comes into view.
Prince Ribbit gives a loud, deep croak!
You see here a scroll labelled QAHUYH VOIZIEJE.
The blast of sand misses Prince Ribbit.
Prince Ribbit asks, "Just a little smooch?"
The blast of sand hits Prince Ribbit!!
Prince Ribbit is heavily wounded.
Prince Ribbit hits you! Prince Ribbit hits you.
You are too injured to fight recklessly!
You are too injured to fight recklessly!
You are too injured to fight recklessly!
Casting: Sandblast (safe; 1% risk of failure)
Confirm with . or Enter, or press ? or * to list all spells.
Aiming: Sandblast (safe; 1% risk of failure)
Press: ? - help, Shift-Dir - straight line, f/p - Prince Ribbit
Aim: Prince Ribbit (heavily wounded, 71% to hit)
The blast of sand hits Prince Ribbit!
Prince Ribbit is almost dead.
Prince Ribbit hits you!
Ouch! That really hurt!
You die...

#.## #........#
#...######.#......#
##..#.....#.####.#
#[........#.# #.#
#.##..###.#.# #.#
#..###.#.# #.#
#...##.#.# #.#
##.....# #.#
#F@.### #)#
#.......#
######.... #.####
#.# #.. ###


You could see Prince Ribbit.

Vanquished Creatures
  A bullfrog (D:4)
  A scorpion (D:4)
  2 jellies (D:5)
  An iguana (D:5)
  Jessica (D:3)
  5 adders
  6 gnolls
  A white imp (D:5)
  5 dart slugs
  2 orcs
  4 bats
  4 endoplasms
  5 giant cockroaches
  3 goblins
  6 hobgoblins
  4 quokkas
  2 ball pythons (D:3)
  10 frilled lizards
  7 kobolds
  25 rats
95 creatures vanquished.

Notes
Turn   | Place    | Note
-------+----------+-------------------------------------------
     0 | D:1      | cforsyth the Deep Elf Earth Elementalist began the quest
                  | for the Orb.
     0 | D:1      | Reached XP level 1. HP: 10/10 MP: 6/6
   365 | D:1      | Reached XP level 2. HP: 15/15 MP: 5/8
   743 | D:2      | Reached skill level 4 in Spellcasting
   743 | D:2      | Reached XP level 3. HP: 19/19 MP: 3/10
  1007 | D:2      | Found a faded altar of an unknown god.
  1780 | D:3      | Reached XP level 4. HP: 24/24 MP: 9/12
  2033 | D:3      | Reached skill level 5 in Spellcasting
  2152 | D:3      | Noticed Jessica
  2157 | D:3      | Killed Jessica
  2158 | D:3      | Reached skill level 5 in Earth Magic
  2158 | D:3      | Reached XP level 5. HP: 28/28 MP: 12/14
  2656 | D:4      | Found an ancient bone altar of Kikubaaqudgha.
  2656 | D:4      | Found an opulent altar of Gozag.
  2657 | D:4      | Found a stormy altar of Qazlal.
  2657 | D:4      | Found an ornate altar of the Wu Jian Council.
  2971 | D:4      | Reached skill level 6 in Spellcasting
  2994 | D:4      | Reached XP level 6. HP: 32/32 MP: 15/17
  3040 | D:4      | Found a runed translucent door.
  3041 | D:4      | Noticed Norrock's ghost (amateur KoHs)
  3061 | D:4      | Found a runed translucent door.
  3294 | D:5      | Entered Level 5 of the Dungeon
  3343 | D:5      | Found a shimmering altar of Xom.
  3361 | D:5      | Reached skill level 7 in Spellcasting
  3477 | D:5      | Noticed Prince Ribbit
  3480 | D:5      | Slain by Prince Ribbit

Illustrated notes

Levels and vault maps discovered:
D:1:      minmay_arrival_jagged, layout_loops_ring
D:2:      minmay_inner_zag, layout_loops_ring,
          shapermc_ecumenical_altar_acropolis, hex_large
D:3:      layout_basic, dk_noncrumbling_4, minmay_rat_hole, uniq_jessica
D:4:      layout_gridville, chequers_temple_overflow_statue_of_worship,
          ebering_ghost_sewer_f
D:5:      layout_basic, dk_xom_monty_hall, uniq_duvessa, uniq_prince_ribbit1

Skill      XL: |  1  2  3  4  5  6 |
---------------+-------------------+-----
Spellcasting   | 4 5 6 7 |  7.1
Earth Magic    | 4 5 6 |  6.3
Dodging        | |  2.4
Stealth        | |  2.4
Transmutations | |  1.1

Action                     |  1- 3 |  4- 6 || total
---------------------------+-------+-------++-------
  Melee: Unarmed           |     1 |       ||     1
   Cast: Sandblast         |    47 |    82 ||   129
   Stab: Sleeping          |     1 |       ||     1
 Armour: Robe              |     1 |     7 ||     8
  Dodge: Dodged            |     5 |    23 ||    28
  Block: Other             |       |    11 ||    11

Table legend: (Time is in decaauts)
 A = Elapsed time spent in this place.
 B = Non-inter-level travel time spent in this place.
 C = Inter-level travel time spent in this place.
 D = Time resting spent in this place.
 E = Time spent auto-exploring this place.
 F = Levels seen in this place.
 G = Mean time per level.
                   A        B        C        D        E       F      G
               +--------+--------+--------+--------+--------+-----+--------+
         Total |   3558 |   3449 |    109 |     48 |   2847 |   5 |  711.6 |
       Dungeon |   3558 |   3449 |    109 |     48 |   2847 |   5 |  711.6 |
               +--------+--------+--------+--------+--------+-----+--------+

Top non-repeatable levels by time:
     D:3: 1046 daAuts
     D:2: 969 daAuts
     D:1: 744 daAuts
     D:4: 604 daAuts
     D:5: 193 daAuts
